 Dungeon Crawl Stone Soup version 0.28-a0-1429-gf3d713df7a (webtiles) character file.

Game seed: 16019189868011033787

74 blackman the Slasher (level 4, -5/32 HPs)
             Began as a Human Wanderer on Jan 8, 2022.
             Was a Follower of the Shining One.
             Slain by an orc (9 damage)
             ... on level 3 of the Dungeon.
             The game lasted 00:06:12 (2285 turns).

blackman the Slasher (Human Wanderer)               Turns: 2285, Time: 00:06:13

Health: -5/32      AC:  5    Str: 15    XL:     4   Next: 54%
Magic:  5/7        EV:  7    Int: 10    God:    the Shining One [*.....]
Gold:   64         SH:  6    Dex: 14    Spells: 4/7 levels left

rFire   . . .      SeeInvis .   a - +2 falchion
rCold   . . .      Faith    .   (no shield)
rNeg    . . .      Spirit   .   b - +0 ring mail
rPois   .          Reflect  .   (no helmet)
rElec   .          Harm     .   (no cloak)
rCorr   .          Rampage  .   (no gloves)
Will    .....                   (no boots)
Stlth   +.........              (no amulet)
HPRegen 0.10/turn               (no ring)
MPRegen 0.10/turn               (no ring)

@: divinely shielded, glowing, constricted
A: no striking features
a: Renounce Religion, Divine Shield


You were on level 3 of the Dungeon.
You worshipped the Shining One.
The Shining One was aware of your devotion.
You visited 1 branch of the dungeon, and saw 3 of its levels.

You collected 64 gold pieces.

Inventory:

Hand Weapons
 a - a +2 falchion (weapon)
Armour
 b - a +0 ring mail (worn)
Scrolls
 c - 2 scrolls of immolation {unknown}
 e - a scroll of fear {unknown}
 f - a scroll of identify {unknown}
Potions
 d - a potion of resistance {unknown}


   Skills:
 - Level 1.0 Fighting
 * Level 3.6 Long Blades
 - Level 3.0 Armour
 - Level 1.0 Stealth
 - Level 2.0 Spellcasting
 - Level 2.6 Conjurations


You had 4 spell levels left.
You knew the following spells:

 Your Spells              Type           Power      Damage    Failure   Level
a - Magic Dart            Conj           24%        1d4       21%         1
b - Blink                 Tloc           2%         N/A       65%         2

Your spell library contained the following spells:

 Spells                   Type           Power      Damage    Failure   Level
 Dazzling Flash           Conj/Hex       6%         N/A       71%         3
 Manifold Assault         Tloc           1%         N/A       100%        5
 Storm Form               Tmut/Air       0%         N/A       100%        7


Dungeon Overview and Level Annotations

Branches:
Dungeon (3/15)

Altars:
The Shining One

Annotations:
D:2 Robin


Message History

An orc comes into view. It is wielding a +0 mace of distortion.
An orc priest comes into view. It is wielding a +0 dagger.
A divine shield forms around you!
No target in view!
An orc comes into view. It is wielding a +0 club.
Found a stone staircase leading down.
The orc shouts!
The orc priest shouts!
The orc moves out of view.
An orc priest comes into view. It is wielding a +0 whip.
The orc priest shouts!
The orc priest mumbles some strange prayers to Beogh against you.
Beogh smites you!
You slash the orc!
You kill the orc!
The orc priest closely misses you.
Things that are here:
a +0 club; a boomerang; an orc corpse You hit the orc priest but do no damage.
The orc priest calls down the wrath of Beogh upon you.
Beogh smites you!
The orc priest looks satisfied for a moment.
The ball python bites you but does no damage.
The ball python grabs you. The ball python constricts you.
The orc priest barely misses you.
You hit the orc priest.
The orc priest is lightly wounded.
The ball python barely misses you. The ball python constricts you.
The orc hits you with a +0 mace of distortion.
* * * LOW HITPOINT WARNING * * *
Space warps around you.
* * * LOW HITPOINT WARNING * * *
The orc priest barely misses you.
You hit the orc priest but do no damage.
The orc priest is lightly wounded.
You block the ball python's attack. The ball python constricts you.
* * * LOW HITPOINT WARNING * * *
The orc priest hits you with a +0 dagger.
* * * LOW HITPOINT WARNING * * *
The orc hits you but does no damage. Space warps horribly around you!
You die...

#.# ####.## ....#.########
#########
##)###.......#########........
##.#.######............######
###.### #############..#####
#.....# ...................#
#.....# ######S#####..##...#
#.......# #@# #..# ...
.......### #..ooo............
#......# #.#..######.......
#..###.# # #..# ....... #.# #.
#..# .#..... .# #. #>.#
.##...# # .# ...# .# #### ...#
.#


You could see 2 orc priests, an orc and a ball python.

Vanquished Creatures
  Terence (D:2)
  An orc (D:3)
  6 ball pythons
  3 bats
  An endoplasm (D:1)
  6 hobgoblins
  5 jackals
  2 quokkas
  A frilled lizard (D:1)
  6 goblins
  4 kobolds
  4 rats (D:1)
40 creatures vanquished.

Vanquished Creatures (others)
  A fungus (D:1)
  2 plants (D:1)
3 creatures vanquished.

Grand Total: 43 creatures vanquished

Notes
Turn   | Place    | Note
-------+----------+-------------------------------------------
     0 | D:1      | blackman the Human Wanderer began the quest for the Orb.
     0 | D:1      | blackman set off with the following items: a +2 falchion, a
                  | +0 ring mail; and the following spell memorised: Magic
                  | Dart; and the following spells available to memorise:
                  | Dazzling Flash
     0 | D:1      | Reached XP level 1. HP: 15/15 MP: 3/3
   273 | D:1      | Reached XP level 2. HP: 13/21 MP: 5/5
   834 | D:1      | Found a faded altar of an unknown god.
   930 | D:1      | Prayed at the altar of an unknown god.
   930 | D:1      | Became a worshipper of the Shining One
   930 | D:1      | Reached * piety under the Shining One
   955 | D:1      | Reached XP level 3. HP: 26/26 MP: 6/6
   968 | D:1      | Learned a level 2 spell: Blink
  1506 | D:2      | Noticed Terence
  1518 | D:2      | Killed Terence
  1519 | D:2      | Reached XP level 4. HP: 19/32 MP: 3/7
  1580 | D:2      | Noticed Robin
  2285 | D:3      | Slain by an orc

Illustrated notes

Levels and vault maps discovered:
D:1:      tarquinn_simple_flora_water_d, layout_rooms,
          dreamdust_ecumenical_altar_grove
D:2:      layout_loops_ring, uniq_robin, uniq_terence
D:3:      layout_loops_ring, ebering_ghost_disaster_area, st_stairs_9

Skill      XL: |  1  2  3 |
---------------+----------+-----
Conjurations   | 2 |  2.6
Long Blades    | 3 |  3.6
Fighting       | |  1.0
Armour         | |  3.0
Stealth        | |  1.0
Spellcasting   | |  2.0

Action                   |  1- 3 |  4- 6 || total
-------------------------+-------+-------++-------
Melee: Falchion          |    80 |    29 ||   109
 Cast: Magic Dart        |     8 |     6 ||    14
Invok: Divine Shield     |     1 |     1 ||     2
 Stab: Sleeping          |     1 |       ||     1
Armor: Ring mail         |    36 |    15 ||    51
Dodge: Dodged            |    59 |    29 ||    88
Block: Other             |     2 |     3 ||     5

Table legend: (Time is in decaauts)
 A = Elapsed time spent in this place.
 B = Non-inter-level travel time spent in this place.
 C = Inter-level travel time spent in this place.
 D = Time resting spent in this place.
 E = Time spent auto-exploring this place.
 F = Levels seen in this place.
 G = Mean time per level.
                   A        B        C        D        E       F      G
               +--------+--------+--------+--------+--------+-----+--------+
         Total |   2304 |   2295 |      9 |   1312 |    701 |   3 |  768.0 |
       Dungeon |   2304 |   2295 |      9 |   1312 |    701 |   3 |  768.0 |
               +--------+--------+--------+--------+--------+-----+--------+

Top non-repeatable levels by time:
     D:1: 1439 daAuts
     D:3: 697 daAuts
     D:2: 167 daAuts
